 Dungeon Crawl Stone Soup version 0.28-a0-1213-g0243856f03 (webtiles) character file.

Game seed: 12430955303440363598

314742 browni3141 the Hawkeye (level 20, -8/213 HPs)
             Began as a Troll Berserker on Dec 21, 2021.
             Was the Champion of Trog.
             Killed from afar by a tengu reaver (60 damage)
             ... with a bolt of acid
             ... led by Sojobo
             ... on level 3 of the Vaults.
             The game lasted 02:30:14 (46442 turns).

browni3141 the Hawkeye (Troll Berserker)           Turns: 46442, Time: 02:30:14

Health: -8/213     AC: 15    Str: 36    XL:     20   Next: 49%
Magic:  19/19      EV: 11    Int: 10    God:    Trog [******]
Gold:   1727       SH: 16    Dex: 15    Spells: 19/19 levels left

rFire   + . .      SeeInvis +     - Unarmed
rCold   + . .      Faith    .   m - +0 kite shield {reflect}
rNeg    + . .      Spirit   .   p - +0 shadow dragon scales
rPois   .          Reflect  +   L - +2 hat {Int+3}
rElec   .          Harm     .   V - +0 cloak "Laesa" {rC+ rN+}
rCorr   .          Rampage  +   (gloves unavailable)
Will    +....                   (boots unavailable)
Stlth   +++++.....              q - amulet of Yendor {Reflect Rampage SH+5}
HPRegen 1.25/turn               c - ring of see invisible
MPRegen 0.16/turn               u - ring "Pimp" {rF+ Int+4 Dex+6 Stlth+}

@: lethally poisoned (-8 -> -8), corroded, studying Long Blades
A: large, unfitting armour, claws 3, regeneration 1, shaggy fur 1, tough skin 1
}: 2/15 runes: barnacled, gossamer
a: Renounce Religion, Berserk, Trog's Hand, Brothers in Arms


You were on level 3 of the Vaults.
You worshipped Trog.
Trog was exalted by your worship.
You visited 7 branches of the dungeon, and saw 35 of its levels.
You also visited: Ossuary and Bailey.

You collected 4521 gold pieces.
You spent 2794 gold pieces at shops.

Inventory:

Missiles
 y - 6 silver boomerangs (quivered)
 J - 5 throwing nets
 P - 25 large rocks
 Q - 4 javelins
 R - 3 curare-tipped darts
 Z - 7 silver javelins
Armour
 e - the quicksilver dragon scales of Subjectivity {*Corrode rC+ rN+++ Will+}
   (You acquired it on level 1 of the Spider Nest)

   rC:        It protects you from cold.
   rN:        It renders you almost immune to negative energy.
   *Corrode:  It may corrode you when you take damage.
   Will:      It increases your willpower.
 m - a +0 kite shield of reflection (worn)
 p - +0 shadow dragon scales (worn)
 L - a +2 hat of intelligence (worn)
 M - +0 fire dragon scales
 V - the +0 cloak "Laesa" (worn) {rC+ rN+}
   (You found it on level 1 of the Lair of Beasts)

   rC:        It protects you from cold.
   rN:        It protects you from negative energy.
Jewellery
 c - a ring of see invisible (left claw)
 h - a ring of resist corrosion
 q - the amulet of Yendor (around neck) {Reflect Rampage SH+5}
   (You bought it in a shop on level 2 of the Orcish Mines)

   [amulet of reflection]

   It reflects blocked missile attacks.
   SH:        It affects your SH (+5).
   Rampage:   It bestows one free step when moving towards enemies.
 u - the ring "Pimp" (right claw) {rF+ Int+4 Dex+6 Stlth+}
   (You bought it in a shop on level 2 of the Orcish Mines)

   [ring of dexterity]

   Int:       It affects your intelligence (+4).
   Dex:       It affects your dexterity (+6).
   rF:        It protects you from fire.
   Stlth:     It makes you more stealthy.
 C - a +4 ring of slaying
 G - a ring of protection from cold
Wands
 k - a wand of acid (13)
 r - a wand of iceblast (45)
 w - a wand of flame (13)
 B - a wand of paralysis (18)
 F - a wand of charming (15)
 N - a wand of digging (5)
 W - a wand of mindburst (14)
Scrolls
 b - 4 scrolls of torment
 g - 3 scrolls of brand weapon
 i - 7 scrolls of teleportation
 j - 8 scrolls of blinking
 l - 2 scrolls of fog
 s - 4 scrolls of vulnerability
 t - a scroll of silence
 x - 2 scrolls of summoning
 A - 8 scrolls of enchant armour
 E - 3 scrolls of holy word
 H - 4 scrolls of fear
 I - a scroll of immolation
 Y - 2 scrolls of magic mapping
Potions
 a - 2 potions of berserk rage
 d - a potion of resistance
 f - 4 potions of might
 n - 12 potions of mutation
 o - 9 potions of haste
 v - 13 potions of curing
 z - 4 potions of cancellation
 D - 7 potions of attraction
 K - 2 potions of invisibility
 S - a potion of heal wounds
 T - 12 potions of ambrosia
 U - 7 potions of flight
 X - 5 potions of lignification
Miscellaneous
 O - a condenser vane


   Skills:
 * Level 16.0 Fighting
 - Level 21.3 Throwing
 * Level 8.8 Armour
 * Level 8.8 Dodging
 - Level 4.0 Stealth
 - Level 9.0 Shields
 - Level 16.0 Unarmed Combat
 - Level 6.5 Evocations


You had 19 spell levels left.
You didn't know any spells.
Your spell library was empty.

Dungeon Overview and Level Annotations

Branches:
Dungeon (15/15)            Temple (1/1) D:7            Lair (6/6) D:11
 Shoals (4/4) Lair:4       Spider (4/4) Lair:4        Slime (0/5) Lair:5
    Orc (2/2) D:10            Elf (0/3) Orc:2        Vaults (3/5) D:14
  Crypt (0/3) Vaults:3     Depths (0/4) D:15        Ossuary (visited)
 Bailey (visited)

Altars:
Ashenzari
Cheibriados
Dithmenos
Elyvilon
Fedhas
Gozag
Hepliaklqana
Kikubaaqudgha
Makhleb
Nemelex Xobeh
Okawaru
Qazlal
Ru
Sif Muna
Trog
Uskayaw
Vehumet
Wu Jian
Xom
Yredelemnul
Zin
The Shining One

Shops:
D:1 [   D:2 (   D:3 ?   D:6 !   Orc:2 =!!(:   Vaults:1 [

Annotations:
D:2 1 runed translucent door, Crazy Yiuf
D:9 Erolcha
D:13 exclusion: 2 doors
D:14 3 runed translucent doors, Mockok's ghost, adept HuCj
Lair:4 1 runed translucent door
Vaults:3 Sojobo


Innate Abilities, Weirdness & Mutations

You are too large for most types of armour.
You have claws for hands.
Your natural rate of healing is unusually fast.
You are covered in fur. (AC +1)
You have tough skin. (AC +1)


Message History

Sojobo is severely wounded.
You feel sick.
Your troll barely misses the tengu reaver.
Your troll claws the tengu reaver!
The tengu reaver dies!
Trog accepts your kill.
Trog appreciates your killing of a magic user.
Sojobo conjures a fierce blast of wind!
You are blown backwards!
Your deep troll is blown away by the wind.
You block the tengu reaver's attack.
Unknown command.
You rampage towards Sojobo!
You miss Sojobo.
Sojobo is severely wounded.
You feel sick.
You block Sojobo's attack. x2; Sojobo claws you!
The tengu reaver gestures at you while chanting.
The bolt of cold hits you!! You resist.
* * * LOW HITPOINT WARNING * * *
Unknown command.
Unknown command.
Unknown command.
You feel sick.
Your troll bites Sojobo!
Your troll claws Sojobo.
Your troll claws Sojobo!
Your deep troll closely misses the tengu reaver.
Your deep troll claws the tengu reaver but does no damage.
Your deep troll claws the tengu reaver!
You block the tengu reaver's attack.
Sojobo hits your troll with a +0 triple sword of protection!!!
Your troll dies!
Your troll's corpse disappears in a puff of smoke!
Unknown command.
Unknown command.
You feel sick.
Your deep troll bites the tengu reaver!
Your deep troll claws the tengu reaver!
Your deep troll claws the tengu reaver!!
Your deep troll completely misses the tengu reaver.
Your deep troll barely misses the tengu reaver.
Your deep troll closely misses the tengu reaver.
The tengu reaver gestures at you while chanting.
The bolt of acid hits you!!!
You die...

..........#
#...#..#..
..........#
#.#.##.#..
..........#
#########...#..#..
..........#
#......#.......#..
....<.....#
#)T....#....[..'..
..........#
#.§Q...#.......#..
###########
#..Q...#..#...##..
#......#..#...##..
#@.....'..#...##..
#.?....#..#...##..
#......#..######..
#......#### #..
#......# ###
+......# #####+##


You could see Sojobo (repels missiles), a tengu reaver (ally target) and a
friendly deep troll (summoned, berserk).

Vanquished Creatures
  Arachne (Spider:2)
  Jorgrun (D:13)
  The ghost of Hoshis the Marksminotaur, an adept MiBe of Trog (Spider:2)
  A kraken (Shoals:3)
  Kirke (D:12)
  Gastronok (D:9)
  Polyphemus (Shoals:3)
  Frances (D:12)
  A tengu reaver (D:14)
  A shadow dragon (Vaults:1)
  Roxanne (Spider:4)
  Donald (Spider:4)
  A fire giant (Vaults:3)
  Ilsuiw (Shoals:2)
  4 ghost moths
  3 emperor scorpions
  Aizul (Shoals:3)
  10 vault wardens
  2 orc warlords
  10 ironbound preservers
  4 very ugly things (Vaults:3)
  6 ironbound thunderhulks
  5 spark wasps
  2 entropy weavers
  2 crystal guardians
  14 dire elephants
  2 statues (D:13)
  Snorg (D:13)
  7 merfolk javelineers (Shoals:4)
  A fire dragon (D:15)
  9 merfolk impalers
  4 yaktaur captains
  A great orb of eyes (Vaults:1)
  5 boulder beetles
  A vault guard (Vaults:2)
  An ogre mage (D:15)
  3 peacekeepers
  2 salamander tyrants (D:13)
  An ice dragon (D:14)
  6 hydras
  3 merfolk avatars
  2 catoblepae
  Erica (Lair:2)
  8 ironbound frosthearts
  5 centaur warriors
  3 alligator snapping turtles (Shoals:4)
  9 two-headed ogres
  3 merfolk aquamancers
  5 death yaks
  2 tengu warriors (D:14)
  6 orc high priests
  An iron troll (D:14)
  9 skeletal warriors
  29 deep trolls
  15 sea snakes
  11 ironbound convokers
  3 bog bodies (Shoals:3)
  A glowing orange brain (D:15)
  A sea snake (shapeshifter) (Vaults:2)
  18 wizards
  10 lindwurms
  37 harpies
  2 deep elf zephyrmancers (D:13)
  A phantasmal warrior (Vaults:1)
  25 orb spiders
  6 deep elf pyromancers
  6 fauns (Shoals:2)
  35 ugly things
  A shadow dragon skeleton (Vaults:3)
  7 orc knights
  45 wolf spiders
  A tengu skeleton (Vaults:3)
  3 orc sorcerers
  9 cyclopes
  A fire giant skeleton (Vaults:3)
  6 black mambas
  3 moths of wrath
  12 merfolk sirens
  10 elephants
  12 manticores
  A black mamba (shapeshifter) (D:14)
  Maurice (D:13)
  7 water nymphs
  11 vault sentinels
  18 cane toads
  4 torpor snails
  17 yaktaurs
  10 rime drakes
  12 komodo dragons
  10 demonic crawlers
  An efreet (D:14)
  Maggie (D:6)
  An entropy weaver simulacrum (Spider:2)
  A yaktaur skeleton (Vaults:3)
  2 freezing wraiths (D:14)
  3 elf skeletons (Vaults:3)
  4 human skeletons (Vaults:3)
  5 tengu conjurers (D:13)
  A troll (shapeshifter) (D:15)
  30 merfolk
  9 trolls
  A queen bee (Spider:2)
  9 hornets
  3 polar bears
  11 wind drakes
  32 jumping spiders
  3 meliai (Spider:2)
  A spectral tarantella (Spider:2)
  2 spectral jumping spiders (Spider:2)
  12 blink frogs
  7 dream sheep
  Grinder (D:4)
  46 slime creatures
  48 redbacks
  6 snapping turtles
  A shadow (D:12)
  A wraith (D:13)
  A vampire (D:10)
  Sigmund (D:2)
  An ettin skeleton (Vaults:3)
  8 water elementals
  26 tarantellas
  41 yaks
  10 wyverns
  3 hogs (D:12)
  A basilisk (Lair:3)
  A golden eye (shapeshifter) (D:15)
  A redback simulacrum (Spider:2)
  2 wargs
  A spectral orb spider (Spider:2)
  Edmund (D:4)
  25 water moccasins
  A tarantella simulacrum (Spider:2)
  2 necrophages (D:11)
  2 ice beasts
  A jumping spider simulacrum (Spider:2)
  32 orc warriors
  2 black bears
  6 ogres
  11 wolves
  11 centaurs
  2 phantoms
  3 kobold brigands
  17 bullfrogs
  3 scorpions
  2 orb spider simulacra (Spider:2)
  A wyvern skeleton (D:7)
  21 killer bees
  10 wights
  3 howler monkeys
  7 electric eels
  A bullfrog zombie (D:6)
  2 centaur zombies
  4 jellies
  6 hounds
  29 orc priests
  2 gnoll shamans
  3 iguanas
  Ijyb (D:3)
  Natasha (twice) (D:4)
  25 orc wizards
  2 hell rats (Lair:6)
  2 hound zombies (D:5)
  9 mummies
  8 gnolls
  A howler monkey skeleton (D:6)
  8 adders
  8 river rats (Lair:6)
  A white imp (D:7)
  2 ufetubi
  A worm (D:2)
  4 dart slugs
  68 orcs
  8 endoplasms
  2 giant cockroaches
  12 goblins
  10 hobgoblins
  2 jackals (D:1)
  A quokka (D:3)
  9 ball pythons
  8 bats
  5 frilled lizards
  3 hobgoblin zombies (Ossuary)
  30 kobolds
  2 kobold zombies (Ossuary)
  3 orc zombies (Ossuary)
  4 rats
  A butterfly (Lair:1)
  4 tentacles (Shoals:3)
1374 creatures vanquished.

Vanquished Creatures (collateral kills)
  Nikola (Spider:1)
  A storm dragon (D:14)
  A tengu reaver (Vaults:3)
  A vampire knight (D:14)
  An entropy weaver (Spider:4)
  A spark wasp (Spider:4)
  A hydra (Lair:6)
  A two-headed ogre (Orc:2)
  Sonja (Lair:2)
  A sea snake (Shoals:4)
  3 harpies (Shoals:3)
  An ugly thing (D:14)
  2 orb spiders
  An orc sorcerer (Orc:2)
  A wolf spider (Spider:2)
  A vault sentinel (Vaults:3)
  A demonic crawler (Spider:2)
  A wind drake (Lair:6)
  A jumping spider (Spider:2)
  A wolf spider simulacrum (Spider:2)
  A merfolk (Shoals:4)
  A hornet (Spider:4)
  6 blink frogs (Lair:6)
  A slime creature (Vaults:3)
  A snapping turtle (Lair:6)
  2 redbacks (Spider:4)
  A water elemental (Shoals:4)
  10 yaks
  A steam dragon (Lair:4)
  An ogre (Orc:2)
  A bullfrog (Lair:2)
  2 killer bees (D:8)
  An orc priest (Orc:2)
52 creatures vanquished.

Vanquished Creatures (others)
  A wolf spider (Spider:4)
  A tarantella (Spider:4)
  2 killer bees (Spider:2)
  71 fungi
  177 plants
  4 tentacles (Shoals:3)
  11 toadstools (Lair:4)
  4 withered plants (D:11)
271 creatures vanquished.

Grand Total: 1697 creatures vanquished

Notes
Turn   | Place    | Note
-------+----------+-------------------------------------------
     0 | D:1      | browni3141 the Troll Berserker began the quest for the Orb.
     0 | D:1      | Reached XP level 1. HP: 22/22 MP: 0/0
    98 | D:1      | Reached XP level 2. HP: 29/29 MP: 1/1
   176 | D:1      | Found Dagheqop's Antique Armour Shoppe.
   715 | D:1      | Found a faded altar of an unknown god.
   815 | D:1      | Reached ** piety under Trog
   816 | D:1      | Reached XP level 3. HP: 36/36 MP: 2/2
  1083 | D:2      | Found a runed translucent door.
  1084 | D:2      | Noticed Crazy Yiuf
  1140 | D:2      | Noticed Sigmund
  1199 | D:2      | Found Kathry's Antique Weapon Emporium.
  1212 | D:3      | Reached skill level 1 in Throwing
  1228 | D:3      | Reached XP level 4. HP: 45/45 MP: 3/3
  1245 | D:3      | Noticed Ijyb
  1869 | D:2      | Killed Sigmund
  1870 | D:2      | Reached skill level 2 in Throwing
  1870 | D:2      | Reached XP level 5. HP: 53/53 MP: 4/4
  1870 | D:2      | Reached XP level 6. HP: 61/61 MP: 5/5
  1940 | D:3      | Found Dobbesk's Magic Scroll Shop.
  2051 | D:3      | Killed Ijyb
  2052 | D:3      | Reached skill level 3 in Throwing
  2188 | D:3      | Reached skill level 5 in Unarmed Combat
  2413 | D:4      | Noticed Natasha
  2422 | D:4      | Killed Natasha
  2517 | D:4      | Noticed Grinder
  2524 | D:4      | Killed Grinder
  2525 | D:4      | Reached skill level 4 in Throwing
  2525 | D:4      | Reached XP level 7. HP: 68/68 MP: 6/6
  2568 | D:4      | Noticed Edmund
  2578 | D:4      | Killed Edmund
  2580 | D:4      | Noticed Natasha
  2590 | D:4      | Killed Natasha
  2788 | D:4      | Found a sparkling altar of Nemelex Xobeh.
  2795 | D:4      | Reached *** piety under Trog
  2904 | D:5      | Entered Level 5 of the Dungeon
  2955 | D:5      | Reached skill level 1 in Evocations
  2955 | D:5      | Reached XP level 8. HP: 72/78 MP: 7/7
  3052 | D:5      | Reached skill level 5 in Throwing
  3059 | D:5      | Found a sand-covered staircase.
  3066 | Ossuary  | Entered an ossuary
  4582 | D:6      | Found Juapna Kauvi's Distillery.
  4590 | D:6      | Bought a potion of curing for 39 gold pieces
  5251 | D:7      | Reached skill level 6 in Throwing
  5251 | D:7      | Reached XP level 9. HP: 67/87 MP: 8/8
  5269 | D:7      | Identified the +9 falchion of the Many Moons {vorpal, rElec
                  | rN+}
  5347 | D:7      | Reached **** piety under Trog
  5428 | D:7      | Found a staircase to the Ecumenical Temple.
  5432 | D:7      | Reached skill level 5 in Fighting
  5453 | D:7      | Noticed a manticore
  5460 | Temple   | Entered the Ecumenical Temple
  5704 | D:7      | Killed a manticore
  5907 | D:7      | Found an ancient bone altar of Kikubaaqudgha.
  6318 | D:8      | Reached skill level 7 in Throwing
  6962 | D:8      | Reached XP level 10. HP: 96/96 MP: 9/9
  7217 | D:9      | Noticed a skeletal warrior
  7252 | D:9      | Killed a skeletal warrior
  7311 | D:9      | Noticed a red ugly thing
  7321 | D:9      | Killed a red ugly thing
  7351 | D:9      | Noticed Erolcha
  7402 | D:9      | Noticed a skeletal warrior
  7421 | D:9      | Killed a skeletal warrior
  7422 | D:9      | Reached skill level 5 in Evocations
  7484 | D:9      | Reached skill level 8 in Throwing
  7789 | D:9      | Noticed Gastronok
  7817 | D:9      | Killed Gastronok
  7818 | D:9      | Reached skill level 10 in Unarmed Combat
  7886 | D:9      | Noticed a skeletal warrior
  7950 | D:9      | Killed a skeletal warrior
  8374 | D:10     | Entered Level 10 of the Dungeon
  8396 | D:10     | Reached XP level 11. HP: 106/106 MP: 10/10
  8404 | D:10     | Reached skill level 1 in Stealth
  8486 | D:10     | Found a staircase to the Orcish Mines.
  8532 | D:10     | Reached skill level 9 in Throwing
  8615 | D:10     | Found a shimmering blue altar of Sif Muna.
  8628 | D:10     | Found a flagged portal.
  8648 | Bailey   | Entered a bailey
  8692 | Bailey   | Reached ***** piety under Trog
  9068 | D:10     | Found a glowing golden altar of the Shining One.
  9195 | D:10     | Found a hazy altar of Hepliaklqana.
  9195 | D:10     | Found a blossoming altar of Fedhas.
  9514 | D:6      | Noticed Maggie
  9528 | D:6      | Killed Maggie
  9643 | D:1      | Bought an embroidered scarf for 216 gold pieces
  9931 | D:11     | Noticed a two-headed ogre
  9943 | D:11     | Killed a two-headed ogre
  9950 | D:11     | Reached skill level 1 in Armour
  9953 | D:11     | Noticed a two-headed ogre
  9971 | D:11     | Killed a two-headed ogre
 10425 | D:11     | Found a staircase to the Lair.
 10495 | D:11     | Received a gift from Trog
 10700 | D:11     | Noticed a two-headed ogre
 10704 | D:11     | Killed a two-headed ogre
 10932 | D:11     | Found an ornate altar of the Wu Jian Council.
 11085 | D:11     | Reached XP level 12. HP: 115/115 MP: 11/11
 11442 | D:12     | Noticed Frances
 11482 | Lair:1   | Entered Level 1 of the Lair of Beasts
 11821 | Lair:1   | Identified the +0 cloak "Laesa" {rC+ rN+}
 12000 | Lair:1   | Reached skill level 10 in Throwing
 13170 | Lair:2   | Noticed Sonja
 13185 | Lair:2   | Killed Sonja
 13284 | Lair:2   | Noticed Erica
 13306 | Lair:2   | Killed Erica
 13564 | Lair:2   | Found the +8 whip "Snakebite" {venom, curare, rPois}
 13948 | Lair:3   | Noticed a catoblepas
 13959 | Lair:3   | Killed a catoblepas
 14049 | Lair:3   | Reached XP level 13. HP: 123/124 MP: 12/12
 14139 | Lair:3   | Reached skill level 5 in Armour
 14301 | Lair:3   | Reached skill level 5 in Dodging
 14433 | Lair:3   | Reached skill level 11 in Throwing
 15126 | Lair:4   | Found a hole to the Spider Nest.
 15502 | Lair:4   | Found a staircase to the Shoals.
 15814 | Lair:4   | Noticed a dire elephant
 15814 | Lair:4   | Noticed a dire elephant
 15835 | Lair:4   | Found a runed translucent door.
 16409 | Lair:5   | Reached skill level 12 in Throwing
 16601 | Lair:5   | Found a staircase to the Slime Pits.
 16969 | Lair:6   | Entered Level 6 of the Lair of Beasts
 17138 | Lair:6   | Reached XP level 14. HP: 124/140 MP: 13/13
 17443 | Lair:6   | Reached ****** piety under Trog
 17534 | Lair:6   | Received a gift from Trog
 17867 | Lair:6   | Reached skill level 10 in Fighting
 18117 | Lair:6   | Found the +8 trident of the Octopus King {venom, rElec
                  | rPois Will+}
 18134 | Lair:6   | Identified the +1 plate armour of Death Resistance {Str+4
                  | Dex+5 SInv}
 18289 | Lair:6   | Reached skill level 13 in Throwing
 18530 | Orc:1    | Entered Level 1 of the Orcish Mines
 18538 | Orc:1    | You fall into a shaft and drop 1 floor!
 18538 | Orc:2    | Entered Level 2 of the Orcish Mines
 18538 | Orc:2    | Found Jyrulaur's Book Emporium.
 18635 | Orc:2    | Found a staircase to the Elven Halls.
 18699 | Orc:2    | Received a gift from Trog
 20281 | Orc:2    | Found Ixzoahe's Weapon Shoppe.
 20281 | Orc:2    | Found Sixzofat's Distillery.
 20282 | Orc:2    | Found Temaxymu's Jewellery Emporium.
 20287 | Orc:2    | Found Uheu's Distillery.
 20398 | Orc:2    | Bought a potion of flight for 39 gold pieces
 20398 | Orc:2    | Bought a potion of mutation for 104 gold pieces
 20398 | Orc:2    | Bought a potion of degeneration for 13 gold pieces
 20398 | Orc:2    | Bought a potion of might for 52 gold pieces
 20398 | Orc:2    | Bought 2 potions of heal wounds for 130 gold pieces
 20398 | Orc:2    | Bought a potion of resistance for 130 gold pieces
 20398 | Orc:2    | Bought a potion of haste for 130 gold pieces
 20400 | Orc:2    | Bought 2 potions of curing for 72 gold pieces
 20400 | Orc:2    | Bought a potion of ambrosia for 96 gold pieces
 20400 | Orc:2    | Bought a potion of curing for 36 gold pieces
 20400 | Orc:2    | Bought a potion of curing for 36 gold pieces
 20400 | Orc:2    | Bought a potion of attraction for 36 gold pieces
 20400 | Orc:2    | Bought a potion of mutation for 96 gold pieces
 20407 | Orc:2    | Bought the ring "Pimp" {rF+ Int+4 Dex+6 Stlth+} for 1088
                  | gold pieces
 20411 | Orc:2    | Bought the amulet of Yendor {Reflect Rampage SH+5} for 481
                  | gold pieces
 20791 | D:12     | Killed Frances
 20851 | D:12     | Reached skill level 15 in Unarmed Combat
 20918 | D:12     | Noticed Kirke
 20947 | D:12     | Killed Kirke
 20947 | D:12     | Received a gift from Trog
 21285 | D:13     | Noticed Snorg
 21291 | D:13     | Killed Snorg
 21321 | D:13     | Reached XP level 15. HP: 144/152 MP: 14/14
 21565 | D:13     | Found a radiant altar of Vehumet.
 21565 | D:13     | Noticed Jorgrun
 21573 | D:13     | Killed Jorgrun
 21582 | D:13     | Noticed Maurice
 21585 | D:13     | You fall into a shaft and drop 2 floors!
 21585 | D:15     | Entered Level 15 of the Dungeon
 21853 | D:14     | Found a runed translucent gate.
 21853 | D:14     | Found a runed translucent gate.
 21853 | D:14     | Found a runed translucent gate.
 21854 | D:14     | Noticed Mockok's ghost (adept HuCj)
 22004 | D:13     | You fall into a shaft and drop 2 floors!
 22299 | D:13     | Received a gift from Trog
 22471 | D:13     | Killed Maurice
 23006 | D:13     | Identified the +6 scale mail of Ikyxzoth {rF++}
 23365 | D:14     | Reached skill level 14 in Throwing
 23512 | D:14     | Noticed a tengu reaver
 23526 | D:14     | Killed a tengu reaver
 23530 | D:14     | Noticed a storm dragon
 23625 | D:14     | Killed a storm dragon
 24019 | D:14     | Found a gate to the Vaults.
 24089 | D:14     | Paralysed by a vampire knight for 6 turns
 24961 | D:15     | Reached XP level 16. HP: 163/163 MP: 15/15
 25199 | D:15     | Identified the +6 whip "Popug" {protect, rElec Int+7 SInv}
 25440 | D:15     | Found a staircase to the Depths.
 25895 | Spider:1 | Entered Level 1 of the Spider Nest
 25907 | Spider:1 | Paralysed by a hornet for 1 turns
 25981 | Spider:1 | Identified 3 scrolls of acquirement
 26076 | Spider:1 | Acquired a manual of Throwing
 26078 | Spider:1 | Acquired the quicksilver dragon scales of Subjectivity
                  | {*Corrode rC+ rN+++ Will+}
 26081 | Spider:1 | Acquired a +2 kite shield of protection
 26462 | Spider:1 | Noticed Nikola
 26471 | Spider:1 | Killed Nikola
 26472 | Spider:1 | Reached skill level 1 in Shields
 27333 | Spider:2 | Received a gift from Trog
 27568 | Spider:2 | Noticed Arachne
 27778 | Spider:2 | Found a runed translucent gate.
 27779 | Spider:2 | Found a runed translucent gate.
 28233 | Spider:2 | Found a runed translucent gate.
 28234 | Spider:2 | Noticed Hoshis's ghost (adept MiBe)
 28639 | Spider:2 | Killed Arachne
 29286 | Spider:3 | Reached skill level 15 in Throwing
 30038 | Spider:4 | Entered Level 4 of the Spider Nest
 30160 | Spider:4 | Noticed Donald
 30490 | Spider:4 | Reached XP level 17. HP: 156/175 MP: 16/16
 30740 | Spider:3 | Received a gift from Trog
 30817 | Spider:4 | Reached skill level 5 in Shields
 30854 | Spider:4 | Killed Donald
 30864 | Spider:4 | Reached skill level 16 in Throwing
 30986 | Spider:4 | Identified the +1 robe "Jokk" {*Corrode Int+5}
 31151 | Spider:4 | Identified Roxanne's Almanac of Transmutation
 31151 | Spider:4 | Noticed Roxanne
 31182 | Spider:4 | Identified the +7 rapier "Pehesh" {vorpal, MP+9 Int+5}
 31191 | Spider:4 | Killed Roxanne
 32617 | Spider:4 | Received a gift from Trog
 32618 | Spider:4 | Reached skill level 17 in Throwing
 33063 | Spider:4 | Got a gossamer rune of Zot
 33326 | Shoals:1 | Entered Level 1 of the Shoals
 33698 | Spider:2 | Killed Hoshis's ghost
 33735 | Spider:2 | Identified the +2 hand axe "Uxohoaf" {antimagic, Int+6}
 34312 | Shoals:1 | Identified the +11 rapier of Causality {antimagic, Drain
                  | Dex+4 SInv}
 34415 | Shoals:1 | Received a gift from Trog
 35161 | Shoals:2 | Reached skill level 18 in Throwing
 35454 | Shoals:2 | Reached XP level 18. HP: 180/185 MP: 17/17
 35593 | Shoals:2 | Noticed Ilsuiw
 35607 | Shoals:2 | Killed Ilsuiw
 35659 | Shoals:2 | You fall into a shaft and drop 1 floor!
 36471 | Shoals:3 | Noticed Polyphemus
 36506 | Shoals:3 | Killed Polyphemus
 36545 | Shoals:3 | Received a gift from Trog
 36764 | Shoals:3 | Noticed Aizul
 36786 | Shoals:3 | Killed Aizul
 36984 | Shoals:4 | Entered Level 4 of the Shoals
 38180 | Shoals:4 | HP: 7/188 [harpy (8)]
 38395 | Shoals:3 | Reached skill level 19 in Throwing
 39051 | Shoals:4 | Identified the +2 pair of boots of Marbles {rF+ Regen+ MP-9
                  | Slay+3 SInv}
 39408 | Shoals:4 | Got a barnacled rune of Zot
 39974 | Vaults:1 | Entered Level 1 of the Vaults
 40465 | Vaults:1 | Identified the +7 morningstar "Paffuef" {venom, Contam rF++
                  | rCorr Dex+3}
 40483 | Vaults:1 | Reached XP level 19. HP: 185/197 MP: 18/18
 40553 | Vaults:1 | Found Elumiv's Armour Boutique.
 40630 | Vaults:1 | Received a gift from Trog
 40798 | Vaults:1 | Reached skill level 20 in Throwing
 42036 | Vaults:1 | Received a gift from Trog
 42661 | Vaults:2 | Reached skill level 15 in Fighting
 42960 | Vaults:2 | Reached skill level 21 in Throwing
 43788 | Vaults:2 | Received a gift from Trog
 44550 | Vaults:3 | Reached XP level 20. HP: 200/211 MP: 19/19
 44775 | Vaults:3 | Received a gift from Trog
 44791 | Vaults:3 | Found a staircase to the Crypt.
 46426 | Vaults:3 | Noticed Sojobo
 46442 | Vaults:3 | Killed from afar by a tengu reaver

Illustrated notes

Levels and vault maps discovered:
D:1:      evilmike_arrival_come_back, layout_loops_cross, serial_shops,
          nicolae_shop_statue_plus, chequers_ecumenical_altar_grove,
          amethyst_killhole, patterned_corridor
D:2:      layout_basic, serial_shops, nicolae_shop_behind_doors, uniq_sigmund,
          uniq_crazy_yiuf_cottage
D:3:      layout_rooms, serial_shops, nicolae_shop_waterfront, uniq_ijyb
D:4:      layout_rooms, nemelex_dance_club_becter, minivault_24, uniq_natasha,
          uniq_edmund, uniq_grinder
D:5:      wander_river, layout_loops_ring, chequers_ossuary_entry_cave,
          amcnicky_mini_pool_small
D:6:      layout_basic, serial_shops, nicolae_diamond_shop,
          minmay_misc_feat_secret_circle, uniq_maggie
D:7:      layout_rooms, mainiacjoe_overflow_surrounded_room,
          minmay_temple_entry_arrows, minmay_starry_boxes
D:8:      layout_loops_corners
D:9:      layout_cave_pods, uniq_gastronok, uniq_erolcha
D:10:     layout_basic, nicolae_tso_carved_into_rock,
          grunt_temple_overflow_open, hiddenorc2_lemuel, enter_bailey_2,
          minivault_11
D:11:     layout_layer_cave, due_lair_maze_entry_diamond, serial_undead,
          serial_undead_e, serial_undead_c, serial_undead_c, serial_undead_e,
          serial_undead_d, serial_undead_b, serial_undead_a, serial_undead_e,
          nzn_wu_jian_council_hall
D:12:     layout_loops_ring, uniq_frances, uniq_kirke
D:13:     evilmike_halls_of_destruction, layout_gridville, uniq_maurice,
          uniq_snorg
D:14:     layout_cave_pools, david_vaults_4, gammafunk_ghost_spectres,
          minmay_radiant
D:15:     gammafunk_enter_depths_forms, layout_loops_ring, nicolae_two_hexagons
Temple:   regret_index_temple_sphere_string
Lair:1:   layout_small_grid, beast_lair_carwin_10, lemuel_fruit_fields,
          grunt_megastairs_5, infiniplex_staircase_pool, serial_bayou_shore_a
Lair:2:   minmay_guarded_unrand_snakebite, layout_loops_ring,
          columned_hall_lemuel, uniq_erica, uniq_sonja
Lair:3:   layout_chaotic_city
Lair:4:   gammafunk_lair_enchanted_lake, layout_regular_city,
          shoals_dummy_entry, nicolae_spider_entry_tight_spaces,
          nicolae_lair_run_with_the_wolves, lemuel_fruit_tree
Lair:5:   layout_misc_corridors, minmay_slime_entry_pillars,
          nicolae_lair_lil_pond
Lair:6:   gammafunk_lair_ancient_temple, layout_gridlike,
          chequers_serial_rivers_small_b, kennysheep_rathole
Shoals:1: layout_shoals
Shoals:2: layout_shoals, uniq_ilsuiw
Shoals:3: layout_shoals, nicolae_shoals_secluded_bog, uniq_polyphemus,
          uniq_aizul
Shoals:4: shoals_end_simple, layout_shoals
Spider:1: layout_spider_delve, nicolae_spider_paper_wasps, uniq_nikola
Spider:2: layout_chambers, gammafunk_ghost_necromancy, special_room
          [special_room_bee], uniq_arachne
Spider:3: layout_spider_delve
Spider:4: spider_rune_water, uniq_roxanne, uniq_donald
Orc:1:    layout_caves
Orc:2:    st_orc_mages, layout_diamond_mine, serial_shops, shop_statue
Vaults:1: vaults_room_grunt_arrival_ludios, vaults_standard_mumra_lines,
          ontoclasm_vaults_decontamination, hangedman_vaults_nodes,
          nicolae_vaults_three_branches,
          vaults_standard_mumra_enter_the_diamond, v_alt_pattern_3,
          vaults_mumra_chevron, v_alt_pattern_5, grunt_vaults_diagonal,
          vaults_room_stairs_pillars, ontoclasm_vaults_fault,
          layout_vaults_ring, serial_shops, shop
Vaults:2: nicolae_vaults_ring_of_whatevers, nicolae_vaults_what_the_h,
          v_misc_11, v_alt_pattern_3, grunt_vaults_swirl, st_lattice,
          nicolae_vaults_little_squares_6, dpeg_vaults_monster_box,
          layout_vaults_quadrants
Vaults:3: minmay_crypt_entry_skeletal_spiral, special_room_vaults
          [special_room_orc], hangedman_vaults_maws, v_rooms_4,
          nicolae_vaults_specimen_jars, ontoclasm_vaults_misaligned,
          ontoclasm_vaults_gateway, v_alt_pattern_1, vaults_mumra_minichess,
          nicolae_vaults_stairing_the_circle, hangedman_vaults_trim, v_misc_26,
          layout_vaults_omnibox, serial_shops, nicolae_shop_waterfront,
          uniq_sojobo

Skill      XL: |  1  2  3  4  5  6  7  8  9 10 11 12 13 14 15 16 17 18 19 20 |
---------------+-------------------------------------------------------------+-----
Throwing       | 1 2 4 6 7 8 9 10 12 13 14 15 18 19 21 | 21.3
Fighting       | 3 4 5 6 7 9 10 11 12 13 14 15 16 | 16.0
Unarmed Combat | 4 5 6 7 8 10 11 12 13 15 16 | 16.0
Evocations     | 1 2 4 5 6 |  6.5
Stealth        | 2 4 |  4.0
Dodging        | 3 4 5 6 7 8 |  8.8
Armour         | 2 4 5 6 7 8 |  8.8
Shields        | 4 8 9 |  9.0

Action                   |  1- 3 |  4- 6 |  7- 9 | 10-12 | 13-15 | 16-18 | 19-21 || total
-------------------------+-------+-------+-------+-------+-------+-------+-------++-------
Melee: Unarmed           |    72 |    90 |   320 |   540 |   803 |  1435 |   775 ||  4035
       Punch             |       |     2 |    14 |    29 |    84 |    88 |       ||   217
Throw: Stone             |    30 |     2 |    45 |    97 |    47 |       |       ||   221
       Large rock        |       |       |       |    38 |   137 |   189 |    84 ||   448
       Dart              |       |       |       |       |     4 |     2 |       ||     6
       Javelin           |       |       |       |       |     4 |       |    34 ||    38
       Boomerang         |       |       |       |       |       |       |    15 ||    15
Invok: Berserk           |     1 |     5 |     5 |    15 |     4 |    12 |     3 ||    45
       Trog's Hand       |       |       |     1 |     1 |       |     3 |       ||     5
       Brothers in Arms  |       |       |     1 |     1 |     8 |    11 |     2 ||    23
Evoke: Wand              |       |       |     3 |     2 |     9 |    16 |     5 ||    35
       Condenser vane    |       |       |       |       |     1 |     2 |     2 ||     5
  Use: Scroll            |       |     5 |     8 |     4 |     2 |    15 |     1 ||    35
       Potion            |       |       |     1 |       |     1 |    14 |       ||    16
 Stab: Sleeping          |       |     2 |     1 |     1 |     7 |     6 |    16 ||    33
       Distracted        |       |       |       |       |       |     4 |     3 ||     7
       Held in net/web   |       |       |       |       |       |     2 |       ||     2
       Confused          |       |       |       |       |       |     1 |     4 ||     5
Armor: Animal skin       |    22 |    25 |    49 |    30 |       |       |       ||   126
       Swamp dragon scal |       |       |       |   103 |   252 |   335 |       ||   690
       Ice dragon scales |       |       |       |       |    11 |    57 |       ||    68
       Quicksilver drago |       |       |       |       |       |   184 |       ||   184
       Shadow dragon sca |       |       |       |       |       |    20 |   174 ||   194
Dodge: Dodged            |    29 |    47 |   183 |   346 |   331 |   742 |   137 ||  1815
       Repelled          |       |       |       |       |     3 |       |       ||     3
Block: Other             |       |       |       |       |    30 |   160 |       ||   190
       Kite shield       |       |       |       |       |     3 |   630 |   420 ||  1053
       Reflection        |       |       |       |       |     2 |    36 |    19 ||    57

Table legend: (Time is in decaauts)
 A = Elapsed time spent in this place.
 B = Non-inter-level travel time spent in this place.
 C = Inter-level travel time spent in this place.
 D = Time resting spent in this place.
 E = Time spent auto-exploring this place.
 F = Levels seen in this place.
 G = Mean time per level.
                   A        B        C        D        E       F      G
               +--------+--------+--------+--------+--------+-----+--------+
         Total |  46438 |  43328 |   3110 |   7495 |  24353 |  37 | 1255.1 |
       Dungeon |  16428 |  15137 |   1291 |   1777 |   9651 |  15 | 1095.2 |
        Temple |    246 |    230 |     16 |     58 |    149 |   1 |  246.0 |
          Lair |   7543 |   6856 |    687 |    610 |   4690 |   6 | 1257.2 |
        Shoals |   6078 |   5741 |    337 |   1628 |   2463 |   4 | 1519.5 |
   Spider Nest |   7617 |   7072 |    545 |   2038 |   2957 |   4 | 1904.2 |
  Orcish Mines |   1908 |   1770 |    138 |    300 |    881 |   2 |  954.0 |
        Vaults |   6180 |   6086 |     94 |   1042 |   3390 |   3 | 2060.0 |
       Ossuary |    227 |    227 |      0 |      0 |    133 |   1 |  227.0 |
        Bailey |    208 |    208 |      0 |     39 |     38 |   1 |  208.0 |
               +--------+--------+--------+--------+--------+-----+--------+

Top non-repeatable levels by time:
Spider:4: 2655 daAuts
Shoals:4: 2225 daAuts
Spider:2: 2208 daAuts
Vaults:1: 2204 daAuts
Vaults:3: 1991 daAuts
Vaults:2: 1985 daAuts
  Lair:4: 1902 daAuts
    D:13: 1759 daAuts
Shoals:3: 1709 daAuts
Spider:3: 1635 daAuts
    D:11: 1577 daAuts
    D:14: 1499 daAuts
  Lair:1: 1455 daAuts
    D:15: 1428 daAuts
  Lair:6: 1384 daAuts
